AoeStats
← Elpataflaka1872

Black Forest

510034015Analyzed
4v4 RM · 3d ago on Sep 29, 2026· 44m 46s· 8 players
Game mode
Random Map
Map size
Large (8 player)
Population
200
Speed
Normal
Resources
Standard
Victory
Conquest
Starting age
Dark Age
Ending age
Imperial Age
RankedLock teamsTeams togetherTeam positionsShared explorationLock speedFull tech treeHidden civsTurbo modeCheats
Victory
Defeat
🇧🇷 Khmer · Brazil
832
+16
🇺🇸 Varangians · United States
826
+16
🇨🇳 Huns · China
750
+19
🇺🇸 Malians · United States
735
+19
🇨🇱 Celts · Chile
883
-20
🇦🇷 Khmer · Argentina
877
-35
🇨🇱 Cumans · Chile
857
-19
🇦🇷 Goths · Argentina
666
-11
Carpeado BR
0:29 Loom
11:52 Feudal Age
18:30 Castle Age
36:17 Horse Collar
SlayerOfEmoKids
12:21 Feudal Age
16:53 Castle Age
22:56 Wheelbarrow
22:30 Elite Skirmisher
24:38 Pikeman
27:12 Scale Mail Armor
27:08 Fletching
29:35 Crossbowman
40:17 Double-Bit Axe
40:15 Horse Collar
45:56 Imperial Age
46:03 Imperial Age
43:48 Hand Cart
45:23 Caravan
Zukomazi
0:27 Loom
13:27 Feudal Age
14:08 Double-Bit Axe
21:52 Castle Age
19:56 Horse Collar
23:02 Bow Saw
22:56 Heavy Plow
25:28 Stone Mining
25:30 Gold Mining
34:29 Imperial Age
32:02 Town Watch
33:18 Fletching
33:07 Pikeman
33:48 Squires
33:33 Arson
34:15 Bodkin Arrow
36:12 Wheelbarrow
35:40 Caravan
35:21 Capped Ram
37:50 Chemistry
37:01 Masonry
41:00 Hand Cart
40:46 Town Patrol
42:05 Forging
41:55 Scale Mail Armor
41:56 Padded Archer Armor
43:25 Iron Casting
44:18 Chain Mail Armor
卢本伟
2:32 Loom
11:04 Feudal Age
15:10 Castle Age
13:13 Double-Bit Axe
13:51 Horse Collar
16:08 Heavy Plow
22:28 Wheelbarrow
21:53 Gold Mining
23:50 Hand Cart
28:03 Imperial Age
26:16 Gold Shaft Mining
25:35 Stone Mining
27:10 Forging
27:06 Scale Barding Armor
29:50 Iron Casting
29:37 Chain Barding Armor
31:31 Blast Furnace
31:30 Conscription
31:11 Marauders
30:32 Elite Tarkan
31:31 Bloodlines
31:22 Husbandry
33:19 Bow Saw
34:33 Plate Barding Armor
34:05 Light Cavalry
38:47 Two-Man Saw
Shalashaska
0:30 Loom
11:42 Feudal Age
12:38 Double-Bit Axe
15:40 Horse Collar
24:30 Castle Age
25:26 Wheelbarrow
24:37 Town Watch
24:45 Gold Mining
24:45 Stone Mining
28:18 Bow Saw
28:16 Heavy Plow
33:15 Hand Cart
WildCashew8600
9:31 Feudal Age
10:11 Double-Bit Axe
13:51 Wheelbarrow
13:13 Horse Collar
18:44 Castle Age
17:04 Gold Mining
17:52 Stone Mining
20:56 Heavy Plow
21:09 Bow Saw
23:26 Gold Shaft Mining
24:08 Hand Cart
29:39 Imperial Age
29:25 Stone Shaft Mining
31:42 Bloodlines
31:33 Husbandry
30:57 Heavy Scorpion
31:49 Loom
32:57 Crop Rotation
37:07 Conscription
36:50 Double Crossbow
38:32 Ballistics
41:05 Chemistry
40:12 Siege Engineers
40:24 Forging
40:20 Scale Barding Armor
40:38 Caravan
セバスティアン
0:52 Loom
11:00 Feudal Age
11:38 Man-at-Arms
12:19 Double-Bit Axe
20:25 Castle Age
19:51 Forging
20:33 Scale Mail Armor
20:47 Long Swordsman
21:46 Gold Mining
22:09 Gambesons
23:03 Arson
27:10 Bow Saw
31:14 Chain Mail Armor
32:23 Iron Casting
33:50 Pikeman
Elpataflaka1872
0:28 Loom
15:42 Feudal Age
17:01 Double-Bit Axe
20:53 Castle Age
21:40 Horse Collar
27:02 Heavy Plow
28:01 Bow Saw
29:15 Wheelbarrow
28:34 Gold Mining
28:39 Stone Mining
31:20 Hand Cart
31:51 Stone Shaft Mining
35:55 Imperial Age
34:51 Murder Holes
34:40 Treadmill Crane
35:11 Masonry
34:53 Town Watch
36:44 Forging
36:34 Scale Mail Armor
37:49 Two-Man Saw
37:29 Crop Rotation
37:10 Squires
37:01 Pikeman
38:06 Conscription
37:49 Anarchy
38:44 Town Patrol
38:58 Guilds
38:38 Halberdier
41:04 Perfusion
43:40 Iron Casting
43:20 Chain Mail Armor
Connection lost

Rejoining the realm…

Still unreachable

The connection could not be restored.

Session expired

The server has moved on; the page needs a fresh start.